 Dungeon Crawl Stone Soup version 0.26.1-2-gb8aa6d0cf2 (webtiles) character file.

Game seed: 2314275835454782692

2756 jlumianski the Cleaver (level 9, -1/80 HPs)
             Began as a Palentonga Fighter on Mar 20, 2021.
             Slain by an ancient zyme (5 damage)
             ... on level 2 of the Abyss.
             The game lasted 00:37:42 (7403 turns).

jlumianski the Cleaver (Palentonga Fighter)         Turns: 7403, Time: 00:37:43

Health: -1/80      AC: 18    Str: 22    XL:     9   Next: 41%
Magic:  0/18       EV:  3    Int:  9    God:
Gold:   71         SH:  9    Dex: 10    Spells: 8/8 levels left

rFire    . . .     SeeInvis +   C - +3 war axe
rCold    . . .     Faith    .   c - +0 kite shield
rNeg     . . .     Spirit   +   j - +1 plate armour
rPois    .         Reflect  .   (no helmet)
rElec    .         Harm     .   (no cloak)
rCorr    .         Rampage  .   (no gloves)
Will     .....                  (no barding)
Stlth    ..........             I - amulet of guardian spirit
HPRegen  0.00/turn              H - ring of magical power
MPRegen  0.16/turn              z - ring of flight

@: very slightly contaminated, non-regenerating, diseased, curled up
A: large, rugged brown scales 3, see invisible, deformed body, subdued magic 1,
roll 1, armoured tail, reflexive curl
a: Rolling Charge, Evoke Flight


You were on level 2 of the Abyss.
You visited 1 branch of the dungeon, and saw 8 of its levels.
You visited the Abyss 1 time.
You also visited: Bailey.

You collected 341 gold pieces.
You spent 270 gold pieces at shops.

Inventory:

Hand Weapons
 a - a +0 war axe
 C - a +3 war axe (weapon)
 F - a +1 battleaxe of draining
Missiles
 e - 265 stones
 g - 40 boomerangs
 k - 66 poisoned darts (quivered)
 m - 3 throwing nets
 L - 7 silver javelins
Armour
 b - a +0 scale mail
 c - a +0 kite shield (worn)
 j - a +1 plate armour (worn)
 y - a +0 tower shield
 B - the +2 leather armour of Lucidity {-Cast *Contam Regen+ Str+10}
   (You found it on level 4 of the Dungeon)

   It affects your strength (+10).
   It prevents spellcasting.
   It causes magical contamination when unequipped.
   It increases your rate of regeneration.
Jewellery
 n - an uncursed ring of fire
 w - an uncursed ring of attention
 z - a ring of flight (right hand)
 D - an uncursed ring of resist corrosion
 H - a ring of magical power (left hand)
 I - an amulet of guardian spirit (around neck)
Wands
 q - a wand of acid (1)
 u - a wand of random effects (23)
 A - a wand of disintegration (5)
 K - a wand of polymorph (9)
Scrolls
 d - 2 scrolls of teleportation
 h - a scroll of magic mapping
 o - a scroll of remove curse
 r - 2 scrolls of amnesia
 s - 2 scrolls of enchant weapon {unknown}
 t - 3 scrolls of identify
 v - 2 scrolls of enchant armour
 E - a scroll of immolation
 J - a scroll of random uselessness {unknown}
Potions
 f - a potion of resistance
 i - 3 potions of curing
 l - a potion of invisibility
 x - 2 potions of might
 G - 2 potions of mutation


   Skills:
 + Level 6.1 Fighting
 + Level 9.2 Axes
 + Level 1.3 Throwing
 + Level 5.6 Armour
 - Level 1.1 Dodging
 * Level 3.6 Shields
 + Level 1.1 Evocations


You had 8 spell levels left.
You didn't know any spells.
Your spell library was empty.

Dungeon Overview and Level Annotations

Branches:
Dungeon (8/15)             Bailey (visited)
 Temple: D:4-7         Lair: D:8-11

Altars:
Dithmenos
Kikubaaqudgha
Ru
Trog
Uskayaw
Wu Jian
Xom

Shops:
D:5 !   D:7 [=

Annotations:
D:7 Maggie


Innate Abilities, Weirdness & Mutations

You are completely covered in rugged brown scales. (AC +3, +7% HP)
You have supernaturally acute eyesight. (SInv)
Armour fits poorly on your strangely shaped body.
You can roll at nearby foes to attack.
You have a long armoured tail.
You curl defensively after being hit.
Your spells are a little easier to cast, but a little less powerful.


Message History

The ancient zyme is moderately damaged.
You block the ancient zyme's attack. The ancient zyme hits you!
* * * LOW HITPOINT WARNING * * *
The ancient zyme hits you but does no damage.
You block the ancient zyme's attack.
You slash the ancient zyme!
The ancient zyme is heavily damaged.
You flicker back into view.
The ancient zyme hits you.
* * * LOW HITPOINT WARNING * * *
The ancient zyme hits you but does no damage.
You slash the ancient zyme!
The ancient zyme is severely damaged.
The ancient zyme hits you!
* * * LOW HITPOINT WARNING * * *
The ancient zyme hits you but does no damage.
You barely miss the ancient zyme.
The ancient zyme is severely damaged.
The ancient zyme hits you!
You die...

# . #. ##. ##
## #..###.# #.
#.@x##### . # #
#.:..###.#..###
# #.. #.#.#.
#..##..###
...## # .. #.##
..##....... #..
...#
##...#.#..#.
###.#... #.
..#... . # .#..
##...#.. .. #
...# #.#......
. ...# ##..#..
..


You could see an ancient zyme.

Vanquished Creatures
  An orc knight (Bailey)
  Sigmund (D:2)
  Eustachio (D:6)
  An ice beast (D:5)
  4 orc warriors (Bailey)
  A sky beast (D:8)
  4 centaurs
  3 ogres
  A bullfrog (D:5)
  A gnoll sergeant (D:5)
  2 scorpions
  A howler monkey (D:5)
  3 hounds
  A bullfrog zombie (D:6)
  A bullfrog skeleton (D:6)
  2 iguanas
  3 orc wizards
  A worker ant (D:8)
  A hound zombie (D:6)
  11 gnolls
  5 adders
  A shadow imp (D:5)
  2 white imps
  2 oozes
  An adder skeleton (D:5)
  4 worms
  A dart slug (D:1)
  3 leopard geckos
  16 orcs
  4 ball pythons
  3 giant cockroaches
  16 goblins
  2 hobgoblins
  9 jackals
  21 kobolds
  3 quokkas
  5 bats
  4 frilled lizards
  A jackal zombie (D:6)
  A quokka skeleton (D:3)
  7 rats
155 creatures vanquished.

Notes
Turn   | Place    | Note
-------+----------+-------------------------------------------
     0 | D:1      | jlumianski the Palentonga Fighter began the quest for the
                  | Orb.
     0 | D:1      | Reached XP level 1. HP: 20/20 MP: 1/1
   334 | D:1      | Reached XP level 2. HP: 26/27 MP: 2/2
   350 | D:2      | Found an ancient bone altar of Kikubaaqudgha.
   407 | D:2      | Found an ornate altar of the Wu Jian Council.
   413 | D:2      | Found a bloodstained altar of Trog.
   454 | D:2      | Noticed Sigmund
   951 | D:2      | Reached XP level 3. HP: 33/33 MP: 3/3
   963 | D:2      | Reached skill level 3 in Axes
  1296 | D:2      | Killed Sigmund
  1297 | D:2      | Reached XP level 4. HP: 16/42 MP: 4/4
  1297 | D:2      | Reached XP level 5. HP: 18/49 MP: 5/5
  1670 | D:3      | Reached skill level 4 in Axes
  1677 | D:3      | Reached XP level 6. HP: 20/55 MP: 6/6
  2403 | D:4      | Got an encrusted leather armour
  2414 | D:4      | Identified the +2 leather armour of Lucidity {-Cast *Contam
                  | Regen+ Str+10} (You found it on level 4 of the Dungeon)
  3103 | D:5      | Entered Level 5 of the Dungeon
  3210 | D:4      | Gained mutation: Your spells are a little easier to cast,
                  | but a little less powerful. [mutagenic glow]
  3588 | D:5      | Found a hide-covered altar of Uskayaw.
  3588 | D:5      | Noticed a +4 hand axe
  3588 | D:5      | Noticed a +0 hand axe
  3815 | D:5      | Found Wengeuro's Distillery.
  3819 | D:5      | Bought a potion of heal wounds for 75 gold pieces
  3819 | D:5      | Bought a potion of heal wounds for 75 gold pieces
  3822 | D:5      | Found a sacrificial altar of Ru.
  3874 | D:5      | Noticed an ice beast
  3883 | D:5      | Killed an ice beast
  3884 | D:5      | Reached skill level 5 in Axes
  3884 | D:5      | Reached skill level 1 in Dodging
  3884 | D:5      | Gained mutation: You curl defensively after being hit.
                  | [Palentonga growth]
  3884 | D:5      | Reached XP level 7. HP: 52/63 MP: 7/7
  4394 | D:5      | Reached skill level 6 in Axes
  4682 | D:5      | Reached skill level 1 in Throwing
  4682 | D:5      | Reached XP level 8. HP: 43/71 MP: 8/8
  4885 | D:5      | Found a shimmering altar of Xom.
  4918 | D:6      | Noticed Eustachio
  5209 | D:6      | Reached skill level 5 in Fighting
  5379 | D:5      | Reached skill level 7 in Axes
  5858 | D:6      | Killed Eustachio
  5882 | D:6      | Reached skill level 5 in Armour
  5905 | D:6      | Found a shadowy altar of Dithmenos.
  6330 | D:7      | Found Pihahif's Jewellery Boutique.
  6386 | D:5      | Bought a potion of mutation for 120 gold pieces
  6476 | D:8      | Found a flagged portal.
  6498 | Bailey   | Entered a bailey
  6679 | Bailey   | Noticed an orc knight
  6680 | Bailey   | Reached skill level 8 in Axes
  6751 | Bailey   | Reached XP level 9. HP: 16/80 MP: 3/9
  6910 | Bailey   | Killed an orc knight
  6911 | Bailey   | Reached skill level 9 in Axes
  6911 | Bailey   | Reached skill level 1 in Evocations
  7338 | D:7      | Found Foliul's Antique Armour Shoppe.
  7338 | D:7      | Noticed Maggie
  7363 | D:7      | Cast into level 2 of the Abyss (Maggie)
  7392 | Abyss:2  | Noticed an ancient zyme
  7402 | Abyss:2  | HP: 4/80 [ancient zyme (6)]
  7403 | Abyss:2  | Slain by an ancient zyme

Illustrated notes

Levels and vault maps discovered:
D:1:      dpeg_arrival_concentric_ovals, layout_rooms, hex_large
D:2:      layout_basic, lemuel_crystal_altar, bloody_trog,
          kiku_gazebo_garden_becter, uniq_sigmund
D:3:      layout_rooms
D:4:      cheibrodos_old_hovel, layout_basic
D:5:      layout_loops_ring, xom_teletrap_fun,
          nicolae_ru_great_annihilating_truth, dancing_weapons_uskayaw,
          serial_shops, shop
D:6:      layout_rooms, nicolae_dithmenos_the_darkroom, uniq_eustachio
D:7:      layout_gridville, marbit_many_paths, minmay_temple_entry_waves,
          serial_shops, shop, shop, nicolae_shop_waterfront,
          kennysheep_little_box, nicolae_shop_waterfront, uniq_maggie
D:8:      layout_cave_pools, cheibrodos_ashenzari_chains, makhleb_grotto_becter,
          lightli_bailey_entry_fortress, st_stairs_8, uniq_joseph, uniq_harold,
          uniq_maurice
Abyss:2:  base:
Temple

Skill      XL: |  1  2  3  4  5  6  7  8  9 |
---------------+----------------------------+-----
Axes           | 3 4 5 6 8 9 |  9.2
Armour         | 3 4 5 |  5.6
Shields        | 3 |  3.6
Fighting       | 4 5 6 |  6.1
Dodging        | 1 |  1.1
Throwing       | 1 |  1.3
Evocations     | 1 |  1.1

Action                   |  1- 3 |  4- 6 |  7- 9 || total
-------------------------+-------+-------+-------++-------
Melee: War axe           |   114 |   107 |    38 ||   259
       Tailslap          |    11 |    12 |    32 ||    55
       Battleaxe         |       |    29 |   180 ||   209
Throw: Dart              |     2 |     1 |    11 ||    14
 Abil: Rolling Charge    |    12 |    18 |    30 ||    60
       Evoke Flight      |       |       |     4 ||     4
Evoke: Wand              |       |       |     4 ||     4
  Use: Scroll            |     4 |     1 |     5 ||    10
       Potion            |     2 |     2 |     9 ||    13
 Stab: Invisible         |       |     1 |     2 ||     3
       Paralysed         |       |     1 |       ||     1
Armor: Scale mail        |    55 |       |       ||    55
       Plate armour      |    29 |    85 |   269 ||   383
       Leather armour    |       |     9 |       ||     9
Dodge: Dodged            |    22 |    17 |    94 ||   133
Block: Kite shield       |    42 |    42 |    14 ||    98
